 Dungeon Crawl Stone Soup version 0.16.2-2-g470672f (webtiles) character file.

31 RepoMan the Firebug (level 3, -3/24 HPs)
             Began as a Mummy Fire Elementalist on Aug 27, 2015.
             Splashed by a jelly's acid (13 damage)
             ... on level 2 of the Dungeon.
             The game lasted 00:07:09 (936 turns).

RepoMan the Firebug (Mummy Fire Elementalist)        Turns: 936, Time: 00:07:09

Health: -3/24      AC:  2    Str: 11    XL:     3   Next: 7%
Magic:  2/6        EV: 12    Int: 15    God:
Gold:   45         SH:  0    Dex: 12    Spells: 3 memorised, 0 levels left

rFire  x . .     SeeInvis .     (no weapon)
rCold  + . .     Clarity  .     a - +0 robe
rNeg   + + +     SustAb   .     (no shield)
rPois  ∞         Gourm    .     (no helmet)
rElec  .         Spirit   .     (no cloak)
rCorr  .         Warding  .     (no gloves)
rMut   .         Stasis   .     (no boots)
MR     .....                    (no amulet)
Stlth  ++........               (no ring)
                                (no ring)

@: not resistant to hostile enchantments, unstealthy
A: no food or potions, fire vulnerability, restore body, cold resistance 1,
negative energy resistance 3, poison resistance, torment resistance, unbreathing
a: no special abilities


You were on level 2 of the Dungeon.
You were not hungry.

You visited 1 branch of the dungeon, and saw 2 of its levels.

You collected 45 gold pieces.

Inventory:

Armour
 a - a +0 robe (worn)
Scrolls
 c - 3 scrolls of identify {unknown}
 d - a scroll of enchant armour {unknown}
 e - a scroll of fog {unknown}
 f - a scroll of enchant weapon {unknown}
 g - a scroll of noise {unknown}
 h - a scroll of teleportation {unknown}
 i - a scroll of immolation {unknown}
Books
 b - a book of Flames

   Spells                             Type                      Level
   a - Flame Tongue                   Conjuration/Fire             1
   b - Throw Flame                    Conjuration/Fire             2
   c - Conjure Flame                  Conjuration/Fire             3
   d - Inner Flame                    Hexes/Fire                   3
   e - Sticky Flame                   Conjuration/Fire             4
   f - Fireball                       Conjuration/Fire             5


   Skills:
 - Level 1.5 Dodging
 - Level 1.5 Stealth
 + Level 2.3 Spellcasting
 + Level 1.0 Conjurations
 * Level 3.1 Fire Magic


You couldn't memorise any spells.
You knew the following spells:

 Your Spells              Type           Power        Failure   Level  Hunger
a - Flame Tongue          Conj/Fire      #....        12%         1    N/A
b - Throw Flame           Conj/Fire      #.....       14%         2    N/A
c - Conjure Flame         Conj/Fire      #.......     30%         3    N/A

Dungeon Overview and Level Annotations

Branches:
Dungeon (2/15)

Altars:
Xom

Annotations:
D:2 5 runed doors


Innate Abilities, Weirdness & Mutations

You do not eat or drink.
Your flesh is vulnerable to fire.
Your flesh is cold resistant.
You are immune to negative energy.
Your system is resistant to poisons.
You are immune to unholy pain and torment.
You can survive without breathing.


Message History

The jelly is heavily wounded.
The jelly barely misses you.
Casting: Flame Tongue
Confirm with . or Enter, or press ? or * to list all spells.
Aiming: Flame Tongue
Press: ? - help, Shift-Dir - straight line, f/p - jelly
Aim: a jelly (heavily wounded)
The flame tongue hits the jelly.
The jelly is heavily wounded.
The jelly hits you.
You are splashed with acid!
The acid burns!
Casting: Flame Tongue
Confirm with . or Enter, or press ? or * to list all spells.
Aiming: Flame Tongue
Press: ? - help, Shift-Dir - straight line, f/p - jelly
Aim: a jelly (heavily wounded)
The flame tongue hits the jelly.
The jelly is almost dead.
The jelly hits you.
You are splashed with acid!
The acid burns!
Ouch! That really hurt!
You die...

## # # .. ##. ..
###.###.##. . ...
..... .# #.###.#####.#
##...........#
.###.#..........#+##
........@..........##
#.#..###J##+##+#....##
###.## #..[..##
#.#+##+##+#......#
...#.......#......+
#.>#..._...#......# ..
##.....##.....## ..
#######.....## #.#
####...##


You could see a jelly.

Vanquished Creatures
  A giant mite (D:1)
  A ball python (D:1)
  2 bats (D:1)
  4 giant cockroaches (D:1)
  2 goblins (D:1)
  2 hobgoblins (D:1)
  A giant gecko (D:1)
  2 giant newts (D:1)
  3 kobolds (D:1)
  A quokka (D:1)
  5 rats (D:1)
24 creatures vanquished.

Notes
Turn   | Place    | Note
--------------------------------------------------------------
     0 | D:1      | RepoMan, the Mummy Fire Elementalist, began the quest for the Orb.
     0 | D:1      | Reached XP level 1. HP: 13/13 MP: 3/3
   111 | D:1      | Reached skill level 1 in Conjurations
   111 | D:1      | Reached XP level 2. HP: 19/19 MP: 0/4
   115 | D:1      | Learned a level 2 spell: Throw Flame
   466 | D:1      | Reached skill level 3 in Fire Magic
   687 | D:1      | Reached XP level 3. HP: 24/24 MP: 3/6
   694 | D:1      | Learned a level 3 spell: Conjure Flame
   874 | D:2      | Found a runed door.
   875 | D:2      | Found a runed door.
   877 | D:2      | Found a shimmering altar of Xom.
   903 | D:2      | Found a runed door.
   912 | D:2      | Found a runed door.
   912 | D:2      | Found a runed door.
   912 | D:2      | Found a runed door.
   936 | D:2      | Splashed by a jelly's acid

Action                   || total
-------------------------++-------
Melee: Unarmed           ||     5
 Cast: Flame Tongue      ||    43
